 Dungeon Crawl Stone Soup version 0.25-a0-869-g05d4e06a41 (webtiles) character file.

Game seed: 4717211900730945320, levelgen mode: deterministic

719 gruber the Insei (level 7, -11/53 HPs)
             Began as a Gnoll Transmuter on Apr 30, 2020.
             Killed by divine providence
             ... invoked by an orc priest
              (12 damage)
             ... on level 8 of the Dungeon.
             The game lasted 00:05:18 (3609 turns).

gruber the Insei (Gnoll Transmuter)                 Turns: 3609, Time: 00:05:18

Health: -11/53     AC:  4    Str: 12    XL:     7   Next: 70%
Magic:  12/15      EV: 15    Int: 17    God:
Gold:   137        SH:  0    Dex: 16    Spells: 7/17 levels left

rFire    + . .     SeeInvis .     - Unarmed
rCold    . . .     Gourm    .   (no shield)
rNeg     . . .     Faith    .   b - +0 robe
rPois    .         Spirit   .   w - +0 helmet
rElec    .         Reflect  .   (no cloak)
rCorr    .         Harm     .   (no gloves)
MR       .....                  r - +0 pair of boots
Stlth    ++........             (no amulet)
HPRegen  0.17/turn              x - ring of protection from fire
MPRegen  0.14/turn              (no ring)

@: very slightly contaminated, slowed, very slow
A: distributed training, fangs 1, strong nose
a: no special abilities


You were on level 8 of the Dungeon.
You were hungry.

You visited 1 branch of the dungeon, and saw 7 of its levels.

You collected 137 gold pieces.

Inventory:

Missiles
 a - 11 arrows
 m - 34 poisoned darts (quivered)
Armour
 b - a +0 robe (worn)
 r - a +0 pair of boots (worn)
 w - a +0 helmet (worn)
Jewellery
 x - a ring of protection from fire (left hand)
Wands
 v - a wand of disintegration (14)
 y - a wand of scattershot (3)
Scrolls
 c - 3 scrolls of magic mapping
 e - 3 scrolls of identify
 h - a scroll of fog
 j - a scroll of fear
 p - 2 scrolls of noise {unknown}
 s - a scroll of remove curse
 t - a scroll of enchant armour {unknown}
Potions
 g - 2 potions of curing
 k - 3 potions of heal wounds {unknown}
 l - 2 potions of berserk rage {unknown}
 o - 2 potions of magic {unknown}
 q - 2 potions of degeneration {unknown}
 u - a potion of brilliance {unknown}
Comestibles
 d - 9 rations


   Skills:
 + Level 3.7 Fighting
 + Level 2.6 Short Blades
 + Level 2.6 Long Blades
 + Level 2.6 Axes
 + Level 2.6 Maces & Flails
 + Level 2.6 Polearms
 + Level 2.6 Staves
 + Level 2.6 Slings
 + Level 2.6 Bows
 + Level 2.6 Crossbows
 + Level 2.6 Throwing
 + Level 2.6 Armour
 + Level 5.3 Dodging
 + Level 2.6 Stealth
 + Level 2.6 Shields
 + Level 7.1 Unarmed Combat
 + Level 5.7 Spellcasting
 + Level 2.1 Conjurations
 + Level 2.1 Hexes
 + Level 2.1 Charms
 + Level 2.1 Summonings
 + Level 2.1 Necromancy
 + Level 2.1 Translocations
 + Level 4.4 Transmutations
 + Level 2.1 Fire Magic
 + Level 2.1 Ice Magic
 + Level 2.1 Air Magic
 + Level 2.1 Earth Magic
 + Level 2.1 Poison Magic
 + Level 2.9 Invocations
 + Level 2.6 Evocations


You had 7 spell levels left.
You knew the following spells:

 Your Spells              Type           Power        Failure   Level  Hunger
a - Beastly Appendage     Tmut           ###...       2%          1    None
b - Sticks to Snakes      Tmut           ###.....     3%          2    #......
c - Spider Form           Tmut/Pois      ###.......   11%         3    ##.....
d - Ice Form              Ice/Tmut       ###.....     34%         4    ####...

Your spell library contained the following spells:

 Spells                   Type           Power        Failure   Level  Hunger
 Blade Hands              Tmut           ###.......   52%         5    ######.


Dungeon Overview and Level Annotations

Branches:
Dungeon (6/15)
 Temple: D:4-7

Altars:
Cheibriados
Elyvilon
Hepliaklqana
Kikubaaqudgha
Makhleb

Annotations:
D:5 1 runed translucent door, d64's ghost, novice GrGl
D:8 Erica; Grum; Prince Ribbit


Innate Abilities, Weirdness & Mutations

Your experience applies equally to all skills.
You have very sharp teeth.
Your uncanny sense of smell can sniff out nearby items.


Message History

An orc warrior comes into view. It is wielding a +0 halberd.
Unknown command.
Unknown command.
The orc misses you. The orc completely misses you.
Casting: Spider Form (mildly dangerous; 26% risk of failure)
Confirm with . or Enter, or press ? or * to list all spells.
You create a snake!
You now have 11 arrows.
Your transformation has ended.
Your +0 helmet unmelds from your body.
Your +0 pair of boots unmelds from your body.
Your +0 robe unmelds from your body.
The orc misses you.
The orc warrior hits you from afar with a +0 halberd!
The orc closely misses you.
The orc warrior hits you from afar with a +0 halberd!!
* * * LOW HITPOINT WARNING * * *
Unknown command.
Unknown command.
The orc priest mumbles some strange prayers to Beogh against you.
Beogh smites you!
You die...

,**,,,,,,,,,****
*,,,,,,,,,
**,,,,,,,,*..*
**,,,,,,,,,
*,,,,,,,,**#.#*
*,,,,,,,,,,
*,,,,,,,** *..#*
**,,,,,,,,,,
,,,,,,*** **..*
*,,,,,,,,,,,
<,,,,** *#.#*
*,,,,,,,,,,, ,,,***
#..* **,,,,,,,,,,
,,,***** *#S##
*****,,**,,
,,,,,,,**** #.@#
*****,*
..,,,,,,,,****##.##
*,,* !.,,,,,,,∆,,,*
#oo## **,**
..,,,,,,,,,,**
##o.# ***,,*
.[*******,,,* #o.##
***,,,,* ..* ***
*,,,*
*##o.##***,,,,,,*
..*******,,,*
#..#..#*,,,,,,,,*
..,,+_+,,,,**
*#.o#.........*,,*
..***+***,,*
#....#......##*,,*


You could see an orc warrior, an orc priest, 3 orcs and a friendly ball python.

Vanquished Creatures
  4 ogres (D:4)
  An ice beast (D:4)
  2 orc wizards (D:3)
  3 worker ants (D:4)
  8 adders
  2 oozes
  An adder skeleton (D:5)
  4 worms (D:2)
  A dart slug (D:1)
  8 orcs (D:3)
  5 giant cockroaches
  7 goblins (D:1)
  3 hobgoblins
  8 kobolds
  2 quokkas
  A ball python (D:3)
  7 bats
  7 frilled lizards
  A leopard gecko skeleton (D:3)
  A quokka skeleton (D:6)
  5 rats
81 creatures vanquished.

Notes
Turn   | Place    | Note
-------+----------+-------------------------------------------
     0 | D:1      | gruber the Gnoll Transmuter began the quest for the Orb.
     0 | D:1      | Reached XP level 1. HP: 17/17 MP: 6/6
    98 | D:1      | Reached XP level 2. HP: 20/23 MP: 5/7
   102 | D:1      | Learned a level 2 spell: Sticks to Snakes
   242 | D:1      | Reached XP level 3. HP: 25/28 MP: 7/9
   247 | D:1      | Learned a level 3 spell: Spider Form
   342 | D:1      | Reached skill level 5 in Spellcasting
   755 | D:2      | Reached skill level 1 in Invocations
   892 | D:2      | Reached skill level 1 in Short Blades
   892 | D:2      | Reached skill level 1 in Long Blades
   892 | D:2      | Reached skill level 1 in Axes
   892 | D:2      | Reached skill level 1 in Maces & Flails
   892 | D:2      | Reached skill level 1 in Polearms
   892 | D:2      | Reached skill level 1 in Staves
   892 | D:2      | Reached skill level 1 in Slings
   892 | D:2      | Reached skill level 1 in Bows
   892 | D:2      | Reached skill level 1 in Crossbows
   892 | D:2      | Reached skill level 1 in Throwing
   892 | D:2      | Reached skill level 1 in Armour
   892 | D:2      | Reached skill level 1 in Stealth
   892 | D:2      | Reached skill level 1 in Shields
   892 | D:2      | Reached skill level 1 in Evocations
   974 | D:2      | Reached XP level 4. HP: 34/34 MP: 7/11
  1710 | D:3      | Reached skill level 1 in Conjurations
  1710 | D:3      | Reached skill level 1 in Hexes
  1710 | D:3      | Reached skill level 1 in Charms
  1710 | D:3      | Reached skill level 1 in Summonings
  1710 | D:3      | Reached skill level 1 in Necromancy
  1710 | D:3      | Reached skill level 1 in Translocations
  1710 | D:3      | Reached skill level 1 in Fire Magic
  1710 | D:3      | Reached skill level 1 in Ice Magic
  1710 | D:3      | Reached skill level 1 in Air Magic
  1710 | D:3      | Reached skill level 1 in Earth Magic
  1710 | D:3      | Reached skill level 1 in Poison Magic
  1842 | D:3      | Reached XP level 5. HP: 39/40 MP: 9/12
  1864 | D:3      | Learned a level 4 spell: Ice Form
  1896 | D:3      | Found a hazy altar of Hepliaklqana.
  1971 | D:3      | Found an ancient bone altar of Kikubaaqudgha.
  1971 | D:3      | Found a burning altar of Makhleb.
  2530 | D:3      | You fall into a shaft and drop 3 floors!
  2544 | D:5      | Entered Level 5 of the Dungeon
  2548 | D:5      | Noticed a sky beast
  2569 | D:4      | Reached XP level 6. HP: 42/47 MP: 6/13
  2730 | D:4      | Reached skill level 5 in Dodging
  2932 | D:4      | Noticed an ice beast
  3039 | D:4      | Found a white marble altar of Elyvilon.
  3085 | D:4      | Reached XP level 7. HP: 19/52 MP: 11/15
  3302 | D:4      | Reached skill level 7 in Unarmed Combat
  3557 | D:5      | Found a runed translucent door.
  3557 | D:5      | Noticed d64's ghost (novice GrGl)
  3576 | D:5      | Found a snail-covered altar of Cheibriados.
  3576 | D:5      | You fall into a shaft and drop 3 floors!
  3576 | D:8      | Noticed Prince Ribbit
  3576 | D:8      | Noticed a two-headed ogre
  3592 | D:8      | Noticed a yak
  3592 | D:8      | Noticed a yak
  3592 | D:8      | Noticed a yak
  3592 | D:8      | Noticed a two-headed ogre
  3593 | D:8      | Noticed a yak
  3593 | D:8      | Noticed a yak
  3595 | D:8      | Noticed Erica
  3595 | D:8      | Noticed Grum
  3608 | D:8      | HP: 1/53 [orc warrior/+0 halberd (20)]
  3609 | D:8      | Killed from afar by an orc priest

Levels and vault maps discovered:
D:1:      erik_arrival_blinker_ship, layout_rooms,
          chequers_serial_rivers_micro_d
D:2:      layout_loops_corners, first_ration, columned_hall_lemuel
D:3:      layout_basic, lemuel_crystal_altar, gammafunk_temple_overflow_wave
D:4:      layout_gridville, elyvilon_altar_1
D:5:      layout_basic, grunt_dithmenos_smoke_and_mirrors,
          nicolae_ru_path_of_blood, hellmonk_ghost_happy_afterlife, basic_altar,
          minmay_misc_feat_x
D:6:      kennysheep_six_static_rooms, layout_basic, serial_shops, shop,
          trog_wizard, uniq_edmund
D:8:      layout_cave_pods, grunt_temple_overflow_order_and_chaos_1,
          lemuel_doored_altar, uniq_grum, uniq_prince_ribbit1, uniq_gastronok,
          uniq_maggie, uniq_erica

Skill      XL: |  1  2  3  4  5  6  7 |
---------------+----------------------+-----
Spellcasting   | 5 |  5.7
Invocations    | 1 2 |  2.9
Short Blades   | 1 2 |  2.6
Long Blades    | 1 2 |  2.6
Axes           | 1 2 |  2.6
Maces & Flails | 1 2 |  2.6
Polearms       | 1 2 |  2.6
Staves         | 1 2 |  2.6
Slings         | 1 2 |  2.6
Bows           | 1 2 |  2.6
Crossbows      | 1 2 |  2.6
Throwing       | 1 2 |  2.6
Armour         | 1 2 |  2.6
Stealth        | 1 2 |  2.6
Shields        | 1 2 |  2.6
Evocations     | 1 2 |  2.6
Conjurations   | 1 2 |  2.1
Hexes          | 1 2 |  2.1
Charms         | 1 2 |  2.1
Summonings     | 1 2 |  2.1
Necromancy     | 1 2 |  2.1
Translocations | 1 2 |  2.1
Fire Magic     | 1 2 |  2.1
Ice Magic      | 1 2 |  2.1
Air Magic      | 1 2 |  2.1
Earth Magic    | 1 2 |  2.1
Poison Magic   | 1 2 |  2.1
Fighting       | 3 |  3.7
Transmutations | 4 |  4.4
Dodging        | 5 |  5.3
Unarmed Combat | 7 |  7.1

Action                   |  1- 3 |  4- 6 |  7- 9 || total
-------------------------+-------+-------+-------++-------
Melee: Unarmed           |    70 |   101 |    22 ||   193
       Kick              |     3 |       |       ||     3
       Bite              |     5 |     3 |       ||     8
       Headbutt          |     2 |       |       ||     2
       Punch             |     2 |       |       ||     2
Throw: Dart              |       |     1 |     7 ||     8
 Cast: Beastly Appendage |    12 |     1 |       ||    13
       Spider Form       |     5 |    21 |     4 ||    30
       Ice Form          |       |       |     1 ||     1
       Sticks to Snakes  |       |       |     1 ||     1
  Use: Scroll            |       |       |    11 ||    11
 Stab: Sleeping          |     2 |     8 |       ||    10
  Eat: Chunk             |       |     8 |     2 ||    10
Armor: Robe              |     6 |     4 |       ||    10
       Skin              |       |     1 |     1 ||     2
Dodge: Dodged            |    38 |    56 |    37 ||   131

Table legend:
 A = Non-vault XP
 B = Vault XP
 C = Vault XP percentage of total XP
 D = Non-vault monster count
 E = Vault monster count
 F = Vault count percentage of total count
                 A         B        C        D         E       F
            +---------+---------+-------+---------+---------+-------
      Total |    1028 |       0 |   0.0 |      81 |       0 |   0.0
            +---------+---------+-------+---------+---------+-------
        D:1 |      49 |       0 |   0.0 |      26 |       0 |   0.0
        D:2 |      72 |       0 |   0.0 |      13 |       0 |   0.0
        D:3 |     184 |       0 |   0.0 |      29 |       0 |   0.0
        D:4 |     715 |       0 |   0.0 |      10 |       0 |   0.0
        D:5 |       5 |       0 |   0.0 |       1 |       0 |   0.0
        D:6 |       1 |       0 |   0.0 |       1 |       0 |   0.0
        D:8 |       2 |       0 |   0.0 |       1 |       0 |   0.0
            +---------+---------+-------+---------+---------+-------
